[Event "Team 45 45 League T63"]
[Site "Internet Chess Club"]
[Date "2014.12.29"]
[Round "5"]
[White "Schachteufel"]
[Black "zap2"]
[Result "1-0"]
[WhiteElo "1710"]
[BlackElo "1682"]
[Opening "Philidor: Improved Hanham variation"]
[ECO "B07"]
[Time "09:03:56"]
[TimeControl "2700+45"]

1. e4 d6 2. d4 Nf6 3. Nc3 e5 4. Nf3 Nbd7 5. Bc4 Be7 6. Bxf7+ Kxf7 7. Ng5+ Kg8 8.
Ne6 Qe8 9. Nxc7 Qd8 10. Nxa8 b5 11. Nxb5 Qa5+ 12. Nc3 Nxe4 13. O-O Nxc3 14. bxc3
Bb7 15. Qg4 Nf8 16. Rb1 Bxa8 17. Rb8 h5 18. Qe6+ Kh7 19. Qxe7 Qd5 20. f3 Ng6 21.
Rxh8+ Kxh8 22. Qg5 Nf4 23. Bxf4 exf4 24. Qxd5 Bxd5 25. a3 Kg8 26. Re1 Kf7 27.
Kf2 h4 28. g3 hxg3+ 29. hxg3 fxg3+ 30. Kxg3 Bc4 31. Rb1 a6 32. Kf4 Kf6 33. Rb6
Ke6 34. Kg5 Kd5 35. Kg6 Be2 36. f4 Ke4 37. f5 d5 38. Re6+ Kf3 39. Rxe2 Kxe2 40.
Kxg7 Kd2 41. f6 Kxc2 42. f7 Kxc3 43. f8=Q Kxd4 44. Qf6+ Kc4 45. Qxa6+ Kc3 46. a4
d4 47. a5 d3 48. Qd6 Kc2 49. a6 d2 50. a7 d1=Q 51. Qxd1+ Kxd1 52. a8=Q Kc2 53.
Qe4+ Kc3 54. Kf6 Kb3 55. Qd4 Ka3 56. Qb6 Ka4 57. Ke5 Ka3 58. Kd4 Ka2 59. Kc3
{Black resigns} 1-0

[Event "Team 45 45 League T63"]
[Site "Internet Chess Club"]
[Date "2014.12.28"]
[Round "5"]
[White "Salvatore"]
[Black "GregoryViking"]
[Result "1/2-1/2"]
[WhiteElo "1636"]
[BlackElo "1579"]
[Opening "Richter-Veresov attack"]
[ECO "D01"]
[Time "18:02:49"]
[TimeControl "2700+45"]

1. d4 d5 2. Nc3 Nf6 3. Bg5 e6 4. Nf3 Be7 5. Bxf6 Bxf6 6. e4 dxe4 7. Nxe4 Nc6 8.
c3 Bd7 9. Bc4 a6 10. a3 b5 11. Bd3 Na5 12. O-O Bc6 13. Re1 O-O 14. Ng3 Bh4 15.
Nxh4 Qxh4 16. Re5 g6 17. a4 Nc4 18. Bxc4 bxc4 19. Rc5 Bd5 20. Rxc7 f5 21. f3 f4
22. Nh1 Rf5 23. Qe2 Rh5 24. h3 Rg5 25. Nf2 Qg3 26. Ng4 {Game drawn by mutual
agreement} 1/2-1/2

[Event "Team 45 45 League T63"]
[Site "Internet Chess Club"]
[Date "2014.12.27"]
[Round "5"]
[White "krysto"]
[Black "hondocando"]
[Result "1-0"]
[WhiteElo "1594"]
[BlackElo "1621"]
[Opening "Nimzo-Indian: 4.e3, main line"]
[ECO "E59"]
[Time "22:00:17"]
[TimeControl "2700+45"]

1. d4 Nf6 2. c4 e6 3. Nc3 Bb4 4. e3 O-O 5. Bd3 d5 6. Nf3 c5 7. O-O Nc6 8. a3
Bxc3 9. bxc3 dxc4 10. Bxc4 cxd4 11. cxd4 Qc7 12. Bb2 b6 13. Rc1 Bb7 14. Qd3 Qd7
15. Rfd1 Rfd8 16. e4 Rac8 17. d5 exd5 18. Bxf6 gxf6 19. Bb5 Qe7 20. exd5 Ne5 21.
Nxe5 Qxe5 22. Rxc8 Rxc8 23. d6 Rd8 24. Ba4 Qe4 25. Qg3+ Qg6 26. Qh3 b5 27. Bxb5
a6 28. Bd3 Rxd6 29. Qxh7+ Kf8 30. Qh8+ Ke7 31. Re1+ Be4 32. Bxe4 Re6 33. f3 f5
34. Qh4+ Kf8 35. Bd5 Rd6 36. Qe7+ Kg7 37. Bxf7 Qxf7 38. Qxd6 Qa7+ 39. Kh1 Qf2
40. Qg3+ {Black resigns} 1-0

[Event "Team 45 45 League T63"]
[Site "Internet Chess Club"]
[Date "2014.12.28"]
[Round "5"]
[White "Chesslov"]
[Black "Berke"]
[Result "1-0"]
[WhiteElo "1541"]
[BlackElo "1645"]
[Opening "Two knights defense"]
[ECO "C55"]
[Time "17:00:16"]
[TimeControl "2700+45"]

1. e4 e5 2. Nf3 Nc6 3. Bc4 Nf6 4. c3 Be7 5. d3 d6 6. Bg5 a6 7. Nbd2 Bd7 8. O-O
Na5 9. Bb3 Nxb3 10. Nxb3 Bg4 11. Re1 Nh5 12. Be3 O-O 13. d4 f5 14. dxe5 dxe5 15.
Qxd8 Raxd8 16. Nxe5 Bd6 17. Nxg4 fxg4 18. g3 Be5 19. Nc5 Nf6 20. Ne6 Nxe4 21.
Nxd8 Rxd8 22. Bf4 Bxf4 23. Rxe4 Bd6 24. Rd1 Rf8 25. Rxg4 h6 26. Rd2 b6 27. b4
Rf5 28. Re4 a5 29. a3 axb4 30. axb4 Rf6 31. b5 Rf5 32. c4 Bc5 33. Rde2 Bd6 34.
Kg2 Kf7 35. f4 Rf6 36. Rf2 Kg6 37. f5+ Rxf5 38. Rg4+ Kf6 39. Rxf5+ Kxf5 40. Rxg7
Kf6 41. Rg8 Bc5 42. Re8 Bd6 43. Re2 Kf5 44. Kf3 Bc5 45. h3 h5 46. g4+ hxg4+ 47.
hxg4+ Kg5 48. Re5+ Kf6 49. Rxc5 bxc5 50. Kf4 Kg6 51. g5 Kg7 52. Kf5 Kf7 53. g6+
Kf8 54. Kf6 Kg8 55. g7 c6 56. b6 Kh7 57. Kf7 Kh6 58. g8=Q Kh5 59. Kf6 Kh4 60.
Kf5 Kh3 61. Kf4 Kh2 62. Kf3 Kh1 63. Kf2 Kh2 64. Qh7# {Black checkmated} 1-0

[Event "Team 45 45 League T63"]
[Site "Internet Chess Club"]
[Date "2014.12.30"]
[Round "5"]
[White "room-matt"]
[Black "Packerfan"]
[Result "1-0"]
[WhiteElo "1893"]
[BlackElo "1760"]
[Opening "Richter-Veresov attack"]
[ECO "D01"]
[Time "15:08:17"]
[TimeControl "2700+45"]

1. d4 Nf6 2. Nc3 d5 3. Bg5 h6 4. Bf4 e6 5. e3 Bd6 6. Bxd6 cxd6 7. Bd3 Nc6 8. Nf3
O-O 9. h3 e5 10. Be2 Be6 11. a3 Qd7 12. Nh2 Rfe8 13. O-O Rac8 14. f4 Ne4 15.
Nxe4 dxe4 16. d5 exf4 17. dxe6 Qxe6 18. Rxf4 f5 19. Rh4 d5 20. Nf1 Rcd8 21. c3
Ne5 22. b3 Ng6 23. Rh5 Rf8 24. Qd4 Ne5 25. Qxa7 Nf3+ 26. Kf2 Qg6 27. Ng3 Ng5 28.
Qxb7 f4 29. exf4 Rxf4+ 30. Kg1 Nf3+ 31. Bxf3 exf3 32. Rxd5 Rxd5 33. Qxd5+ Kh7
34. Kh2 fxg2 35. Qxg2 Qf6 36. Rf1 Rxf1 37. Nxf1 Qxc3 38. Qe4+ Kh8 39. Qa4 Qc2+
40. Kg1 Qc5+ 41. Kg2 Qc2+ 42. Kh1 Qc1 43. Qe8+ Kh7 44. Qe4+ Kh8 45. Qf3 Qxa3 46.
Ng3 Qc1+ 47. Kg2 Qb2+ 48. Kf1 Qb1+ 49. Ke2 Qb2+ 50. Kd1 Qb1+ 51. Kd2 Qb2+ 52.
Ke1 Qa1+ 53. Qd1 Qc3+ 54. Kf2 Qf6+ 55. Qf3 Qb2+ 56. Ne2 Qa3 57. Qd3 Qc5+ 58. Nd4
Qf8+ 59. Ke3 Qf6 60. Nf5 Qe5+ 61. Kf3 Qh2 62. Ke4 Qg2+ 63. Ke5 Qh2+ 64. Qg3 Qb2+
65. Kd5 Qd2+ 66. Ke6 Qe2+ 67. Kf7 Qh5+ 68. Qg6 {Black resigns} 1-0

[Event "Team 45 45 League T63"]
[Site "Internet Chess Club"]
[Date "2015.01.06"]
[Round "5"]
[White "clarinetref"]
[Black "rayngrant"]
[Result "1-0"]
[WhiteElo "1617"]
[BlackElo "1595"]
[Opening "Ruy Lopez: closed, 7...O-O"]
[ECO "C88"]
[Time "21:02:00"]
[TimeControl "2700+45"]

1. e4 e5 2. Nf3 Nc6 3. Bb5 a6 4. Ba4 Nf6 5. O-O Be7 6. Re1 b5 7. Bb3 O-O 8. d3
d5 9. exd5 Nxd5 10. Nxe5 Nxe5 11. Rxe5 c6 12. c4 Bd6 13. Re4 Bf5 14. cxd5 Bxe4
15. dxe4 Qh4 16. g3 Qxe4 17. Nc3 Qe7 18. dxc6 Rfd8 19. Nd5 Qa7 20. Bg5 f6 21.
Nxf6+ Kh8 22. Nd7 {Black resigns} 1-0

[Event "Team 45 45 League T63"]
[Site "Internet Chess Club"]
[Date "2014.12.25"]
[Round "5"]
[White "Herbie1"]
[Black "RD1974"]
[Result "0-1"]
[WhiteElo "1646"]
[BlackElo "1646"]
[Opening "French: Schlechter variation"]
[ECO "C01"]
[Time "10:30:14"]
[TimeControl "2700+45"]

1. e4 e6 2. d4 d5 3. Bd3 Be7 4. Ne2 Nf6 5. Ng3 c6 6. e5 Nfd7 7. f4 c5 8. c3 Nc6
9. Be3 Qb6 10. Qb3 cxd4 11. Qxb6 Nxb6 12. Bxd4 Nxd4 13. cxd4 Nc4 14. Bxc4 dxc4
15. O-O b5 16. f5 Bg5 17. Ne4 Be3+ 18. Kh1 Bxd4 19. Nd6+ Ke7 20. Nc3 Bxe5 21.
Ndxb5 Bb7 22. Rae1 Bxc3 23. bxc3 Rac8 24. Nd4 Bd5 25. fxe6 fxe6 26. Rf2 g6 27.
Nc2 Rhf8 28. Rfe2 Kd6 29. Nb4 Rf6 30. Nxd5 exd5 31. Kg1 Rc7 32. Rb1 h5 33. Rb5
Rcf7 34. Re1 Rc7 35. Ra5 d4 36. cxd4 c3 37. Ra6+ Rc6 38. Rxc6+ Kxc6 39. Rc1 Kd5
40. Rxc3 Kxd4 41. Rb3 a5 42. h3 Kc4 43. Kh2 a4 44. Rb2 Kc3 45. Re2 Rd6 46. Rf2
a3 47. Kg3 Rd2 48. Rf6 g5 49. Rf5 h4+ 50. Kh2 Kb2 51. Rxg5 Kxa2 52. Rg4 Kb1 53.
Rxh4 a2 54. Ra4 a1=Q 55. Rxa1+ Kxa1 56. h4 Kb2 57. Kh3 Kc3 58. g3 Kd4 59. h5 Ke5
60. Kh4 Kf6 61. g4 Rh2+ 62. Kg3 Rh1 63. Kf4 Rf1+ 64. Kg3 Kg5 {White resigns} 0-1

[Event "Team 45 45 League T63"]
[Site "Internet Chess Club"]
[Date "2014.12.27"]
[Round "5"]
[White "tryanything"]
[Black "julesraider"]
[Result "1/2-1/2"]
[WhiteElo "1554"]
[BlackElo "1540"]
[Opening "Caro-Kann: exchange variation"]
[ECO "B13"]
[Time "17:54:13"]
[TimeControl "2700+45"]

1. e4 c6 2. d4 d5 3. exd5 cxd5 4. c3 Nc6 5. Bf4 Nf6 6. Nf3 Bg4 7. Nbd2 a6 8. h3
Bh5 9. Be2 e6 10. O-O b5 11. a3 Be7 12. Ne5 Nxe5 13. Bxe5 Bxe2 14. Qxe2 O-O 15.
Rfe1 Bd6 16. Bxd6 Qxd6 17. Qe5 Qc6 18. Re3 a5 19. Rg3 Ne8 20. Re1 g6 21. Nf3 Qc7
22. h4 Qxe5 23. Nxe5 Nf6 24. Rf3 Kg7 25. g4 Ne4 26. Re2 b4 27. g5 bxc3 28. bxc3
Nd6 29. Rb2 Rfb8 30. Rc2 Rb1+ 31. Kg2 Nf5 32. Rh3 Rab8 33. h5 Ra1 34. hxg6 hxg6
35. Nd7 Rh8 36. Rxh8 Kxh8 37. Rb2 Rxa3 38. Nf6 Kg7 39. Rb8 Ne7 40. Ne8+ Kh8 41.
Nf6+ Kg7 42. Ne8+ Kf8 43. Nf6+ Kg7 44. Ne8+ Kh7 45. Nf6+ Kg7 46. Ne8+ {Game
drawn by repetition} 1/2-1/2

[Event "Team 45 45 League T63"]
[Site "Internet Chess Club"]
[Date "2014.12.27"]
[Round "5"]
[White "frank001"]
[Black "backrankbrawler"]
[Result "0-1"]
[WhiteElo "1863"]
[BlackElo "1803"]
[Opening "King's Indian: Makagonov system (5.h3)"]
[ECO "E71"]
[Time "06:19:01"]
[TimeControl "2700+45"]

1. d4 Nf6 2. c4 g6 3. Nc3 Bg7 4. e4 d6 5. h3 O-O 6. Bg5 c5 7. d5 h6 8. Be3 Qa5
9. Bd2 Qd8 10. Bd3 Nbd7 11. Nf3 a6 12. O-O Ne8 13. Qc1 Kh7 14. Re1 Ne5 15. Nxe5
dxe5 16. f4 f6 17. Rb1 Nd6 18. Be3 Qc7 19. Qd2 exf4 20. Bxf4 e5 21. Be3 f5 22.
exf5 gxf5 23. Qf2 e4 24. Be2 f4 25. Bxc5 e3 26. Bd3+ Kh8 27. Bxe3 fxe3 28. Qxe3
Bf5 29. Bxf5 Nxf5 30. Qe4 Bd4+ {White resigns} 0-1

[Event "Team 45 45 League T63"]
[Site "Internet Chess Club"]
[Date "2015.01.04"]
[Round "5"]
[White "amicusUK"]
[Black "QuieroAprender"]
[Result "1-0"]
[WhiteElo "1686"]
[BlackElo "1570"]
[Opening "Queen's pawn game, Krause variation"]
[ECO "D02"]
[Time "17:01:00"]
[TimeControl "2700+45"]

1. d4 d5 2. Nf3 c5 3. e3 Nc6 4. c3 Bg4 5. Nbd2 e5 6. dxe5 Nxe5 7. Qb3 Nxf3+ 8.
Nxf3 Bxf3 9. Qxb7 Bg4 10. Bb5+ Bd7 11. Bxd7+ Qxd7 12. Qxa8+ Ke7 13. e4 d4 14.
cxd4 cxd4 15. Bd2 Nf6 16. Bb4+ Ke6 17. Bxf8 Nxe4 18. Qxe4+ {Black resigns} 1-0

[Event "Team 45 45 League T63"]
[Site "Internet Chess Club"]
[Date "2014.12.30"]
[Round "5"]
[White "Andressa"]
[Black "Innes"]
[Result "1/2-1/2"]
[WhiteElo "1451"]
[BlackElo "1544"]
[Opening "Ruy Lopez: Schliemann defense"]
[ECO "C63"]
[Time "17:16:30"]
[TimeControl "2700+45"]

1. e4 e5 2. Nf3 Nc6 3. Bb5 f5 4. Bxc6 dxc6 5. Qe2 Nf6 6. exf5 Bd6 7. Nc3 O-O 8.
O-O Bxf5 9. d3 Bg4 10. h3 Bh5 11. Bg5 Qd7 12. Qe3 Nd5 13. Nxd5 Rxf3 14. Qe4 cxd5
15. Qh4 Rf5 16. g4 Bxg4 17. Qxg4 Qf7 18. Rae1 Rf8 19. Re2 Bc5 20. Qg3 Qg6 21.
Bh4 Qe6 22. Qg4 Qf7 23. Bg3 Bd6 24. h4 Rf3 25. Qg5 Qd7 26. Bxe5 Bxe5 27. Rxe5
R3f6 28. Qe3 Rg6+ 29. Rg5 Rxg5+ 30. hxg5 Qg4+ 31. Kh2 Qh5+ 32. Kg2 Qg4+ 33. Kh2
Qf3 34. Qxf3 Rxf3 35. Kg2 Rf7 36. Re1 Kf8 37. Kg3 Re7 38. Rxe7 Kxe7 39. Kf4 Ke6
40. d4 b6 41. b4 a5 42. b5 a4 43. a3 h5 44. gxh6 gxh6 45. Kg4 Kf6 46. c3 Kg6 47.
Kh4 Kh7 48. Kh5 Kg7 49. f4 Kh7 50. f5 Kg7 51. f6+ Kxf6 52. Kxh6 Kf5 53. Kg7 Ke4
54. Kf6 Kd3 55. Ke5 Kc4 56. Ke6 Kxb5 57. Kxd5 c6+ 58. Kd6 Kc4 59. Kxc6 Kb3 60.
d5 Kxa3 61. d6 Kb2 62. d7 a3 63. d8=Q a2 64. Qxb6+ Kxc3 65. Qe3+ Kb2 66. Qd2+
Kb1 67. Qb4+ Kc2 68. Qa3 Kb1 69. Qb3+ Ka1 70. Qd1+ Kb2 71. Qd2+ Kb1 72. Qxa2+
Kxa2 {Game drawn because neither player has mating material} 1/2-1/2

[Event "Team 45 45 League T63"]
[Site "Internet Chess Club"]
[Date "2015.01.04"]
[Round "5"]
[White "burnsy"]
[Black "smsxman"]
[Result "1-0"]
[WhiteElo "1588"]
[BlackElo "1457"]
[Opening "Queen's pawn game, Chigorin variation"]
[ECO "D02"]
[Time "10:00:18"]
[TimeControl "2700+45"]

1. Nf3 d5 2. d4 Nc6 3. c4 Nf6 4. Nc3 e6 5. Bf4 Bb4 6. e3 O-O 7. a3 Bxc3+ 8. bxc3
Na5 9. cxd5 Nxd5 10. Bg3 c6 11. c4 Nb6 12. Qc2 Bd7 13. Bd3 f5 14. Qc3 Na4 15.
Qb4 b5 16. cxb5 cxb5 17. Ne5 Be8 18. O-O a6 19. Rfc1 Nb7 20. Qb3 Qd5 21. Qb4 a5
22. Qe7 Qd6 23. Qxb7 {Black resigns} 1-0

[Event "Team 45 45 League T63"]
[Site "Internet Chess Club"]
[Date "2014.12.29"]
[Round "5"]
[White "zugknightly"]
[Black "justice02"]
[Result "1/2-1/2"]
[WhiteElo "1719"]
[BlackElo "1739"]
[Opening "Caro-Kann: classical, Spassky variation"]
[ECO "B19"]
[Time "20:30:55"]
[TimeControl "2700+45"]

1. e4 c6 2. d4 d5 3. Nc3 dxe4 4. Nxe4 Bf5 5. Ng3 Bg6 6. h4 h6 7. Nf3 Nd7 8. h5
Bh7 9. Bd3 Ngf6 10. Bxh7 Rxh7 11. Qd3 e6 12. Bf4 Be7 13. O-O-O Rh8 14. Ne4 Qa5
15. Kb1 Nxh5 16. Bd2 Qf5 17. g4 Qxg4 18. Rdg1 Qf5 19. Nd6+ Bxd6 20. Qxf5 exf5
21. Rxh5 g6 22. Re1+ Kd8 23. Rxh6 Rxh6 24. Bxh6 Kc7 25. Ng5 f6 26. Ne6+ Kb6 27.
Be3 g5 28. c4 Bb4 29. c5+ Ka5 30. Rd1 f4 31. Bc1 Re8 32. Nc7 Re1 33. Rd3 Nxc5
34. dxc5 Bxc5 35. Kc2 Re2+ 36. Bd2+ Kb6 37. Na8+ Ka6 38. Nc7+ Kb6 39. Na8+ Ka6
40. Nc7+ {Game drawn by mutual agreement} 1/2-1/2

[Event "Team 45 45 League T63"]
[Site "Internet Chess Club"]
[Date "2014.12.27"]
[Round "5"]
[White "Grenadier"]
[Black "otherook"]
[Result "0-1"]
[WhiteElo "1582"]
[BlackElo "1789"]
[Opening "French: advance variation"]
[ECO "C02"]
[Time "14:00:37"]
[TimeControl "2700+45"]

1. e4 e6 2. d4 d5 3. e5 b6 4. c3 Qd7 5. a4 a5 6. f4 Ne7 7. Nd2 Ba6 8. Bxa6 Nxa6
9. Ndf3 h5 10. Be3 Nf5 11. Bf2 c5 12. Ne2 c4 13. Ng3 Nxg3 14. Bxg3 g6 15. Bh4
Be7 16. Ng5 Nc7 17. O-O Kf8 18. Qe1 Ne8 19. Nf3 Ng7 20. Bxe7+ Qxe7 21. Qh4 Qxh4
22. Nxh4 Ke7 23. Rfb1 Rhc8 24. Kf2 Ra7 25. h3 Rac7 26. Rg1 Rh8 27. g3 Rcc8 28.
Rgb1 Rc6 29. Ke2 Nf5 30. Nxf5+ gxf5 31. h4 Rg8 32. Kf2 Rgc8 33. Rc1 R6c7 34.
Rab1 Rc6 35. Ke2 Rg8 36. Rg1 Rgc8 37. Kd2 Rg8 38. Ke3 Kd7 39. b4 cxb3 40. Rxb3
Rgc8 41. Rc1 Rg8 42. Kf2 Rgc8 43. Kf3 R8c7 44. Ke3 Rc4 45. Kd2 Rxa4 46. Rxb6
Ra2+ 47. Rc2 Ra1 48. Ke2 Rg1 49. Kf2 Rd1 50. Ke3 Ra7 51. Rcb2 a4 52. Rb7+ Rxb7
53. Rxb7+ Kc6 54. Ra7 Ra1 55. Kd3 Kb6 56. Ra8 a3 57. Kc2 Rg1 58. Rxa3 Rxg3 59.
Ra8 Rg4 60. Rf8 Rxh4 61. Rxf7 Rxf4 62. Re7 h4 63. Rxe6+ Kc7 64. Rh6 Rg4 65. Rh7+
Kc6 66. Kd2 Re4 67. Rh5 Rg4 68. Rxf5 h3 69. Rh5 Rg2+ 70. Ke3 h2 71. Kf3 Rc2 72.
Kg3 Kd7 73. Rxh2 Rxc3+ 74. Kg4 Rd3 75. Kf5 Rxd4 76. Rh7+ Kc6 77. Ke6 Re4 78. Ra7
d4 79. Ra6+ Kc5 80. Kf5 Re1 81. e6 d3 82. Ra8 d2 83. Rc8+ Kb6 84. Rd8 d1=Q 85.
Rxd1 Rxd1 86. e7 Re1 87. Kf6 Kc7 88. Kf7 Kd7 89. e8=Q+ Rxe8 {White resigns} 0-1

[Event "Team 45 45 League T63"]
[Site "Internet Chess Club"]
[Date "2014.12.28"]
[Round "5"]
[White "Jyzzslynggur"]
[Black "zepled37"]
[Result "1-0"]
[WhiteElo "1699"]
[BlackElo "1642"]
[Opening "King's Indian, 3.Nf3"]
[ECO "E60"]
[Time "20:07:34"]
[TimeControl "2700+45"]

1. d4 Nf6 2. Nf3 g6 3. c4 Bg7 4. g3 O-O 5. Bg2 Re8 6. O-O d5 7. cxd5 Nxd5 8. Nc3
Nxc3 9. bxc3 c5 10. Be3 Nc6 11. Rb1 Qa5 12. Qb3 cxd4 13. Nxd4 Nxd4 14. Bxd4 Bxd4
15. cxd4 Rb8 16. e4 b5 17. Rfc1 Qb6 18. Rc5 Bd7 19. Bf1 a6 20. a4 Rec8 21. Qd5
Be6 22. Qg5 Rxc5 23. dxc5 Qc7 24. axb5 axb5 25. Rb4 f6 26. Qe3 Bd7 27. e5 Qxe5
28. Re4 Qa1 29. Qd2 Bf5 30. Rxe7 Qa4 31. Qh6 {Black resigns} 1-0

[Event "Team 45 45 League T63"]
[Site "Internet Chess Club"]
[Date "2015.01.03"]
[Round "5"]
[White "BrerRabbit"]
[Black "kingphisch"]
[Result "1/2-1/2"]
[WhiteElo "1491"]
[BlackElo "1524"]
[Opening "Réti: King's Indian attack, French variation"]
[ECO "A07"]
[Time "15:32:49"]
[TimeControl "2700+45"]

1. Nf3 d5 2. g3 Nf6 3. Bg2 e6 4. O-O c5 5. d3 Nc6 6. Nbd2 Be7 7. e4 O-O 8. Re1
dxe4 9. dxe4 e5 10. c3 Qc7 11. Nc4 Rd8 12. Qe2 Nd7 13. Ne3 Nf6 14. Nc4 Bg4 15.
h3 Bc8 16. Bd2 a6 17. Rad1 b5 18. Na3 Be6 19. Ra1 Rd7 20. Ng5 Nd8 21. Nxe6 Nxe6
22. Rad1 Rad8 23. Be3 Rxd1 24. Rxd1 Rxd1+ 25. Qxd1 Qd6 26. Qxd6 Bxd6 {Game drawn
by mutual agreement} 1/2-1/2

[Event "Team 45 45 League T63"]
[Site "Internet Chess Club"]
[Date "2014.12.27"]
[Round "5"]
[White "SALJOMA"]
[Black "QuieroAprender"]
[Result "0-1"]
[WhiteElo "1484"]
[BlackElo "1645"]
[Opening "Ruy Lopez: Archangelsk (counterthrust) variation"]
[ECO "C70"]
[Time "11:50:03"]
[TimeControl "2700+45"]

1. e4 e5 2. Nf3 Nc6 3. Bb5 a6 4. Ba4 b5 5. Bb3 Nf6 6. O-O Bb7 7. Re1 d6 8. c3
Be7 9. d4 exd4 10. cxd4 O-O 11. Nc3 Na5 12. Bc2 h6 13. Bf4 Nh5 14. Be3 Nf6 15.
Bf4 Re8 16. h3 Nh5 17. Bh2 Nf6 18. Qd3 c5 19. dxc5 dxc5 20. Qe3 Nc4 21. Qc1 Qb6
22. b3 Na5 23. e5 Bxf3 24. exf6 Bxf6 25. Rxe8+ Rxe8 26. gxf3 Bxc3 27. Rb1 Re1+
28. Qxe1 Bxe1 29. Rxe1 Qd8 30. Bc7 Qg5+ 31. Kf1 Kf8 32. Bxa5 f6 33. Bc7 Qh5 34.
Bd6+ Kf7 35. Re7+ Kg8 36. Kg2 Qg5+ 37. Kh2 Qd2 38. Re8+ Kf7 39. Re7+ Kf8 40.
Re2+ Qxd6+ 41. Kg2 c4 42. bxc4 bxc4 43. Bg6 Qd8 44. Re8+ Qxe8 45. Bxe8 Kxe8 46.
Kf1 Kd7 47. Ke2 Kd6 48. Kd2 h5 49. Kc3 Kc5 50. h4 g5 51. hxg5 fxg5 52. a4 h4 53.
a5 h3 54. f4 gxf4 55. f3 h2 56. Kc2 h1=Q 57. Kc3 Qxf3+ 58. Kc2 Qd3+ 59. Kb2 c3+
60. Kb3 c2+ 61. Kb2 Qd1 62. Ka2 Qb1+ 63. Ka3 c1=Q+ 64. Ka4 Qbc2# {White
checkmated} 0-1

[Event "Team 45 45 League T63"]
[Site "Internet Chess Club"]
[Date "2014.12.28"]
[Round "5"]
[White "pcvan"]
[Black "drsigmund1"]
[Result "0-1"]
[WhiteElo "1562"]
[BlackElo "1500"]
[Opening "French: Winawer (Nimzovich) variation"]
[ECO "C15"]
[Time "12:02:44"]
[TimeControl "2700+45"]

1. e4 e6 2. d4 d5 3. Nc3 Bb4 4. Qg4 Ne7 5. Qxg7 Rg8 6. Qxh7 c5 7. Nf3 Nbc6 8.
Bb5 Qb6 9. Bxc6+ bxc6 10. dxc5 Bxc5 11. O-O Ba6 12. Bg5 O-O-O 13. Bxe7 Bxe7 14.
Rfd1 Rdf8 15. exd5 cxd5 16. b3 Bf6 17. Na4 Qc7 18. Qh6 Bxa1 19. Rxa1 Be2 20. Nd4
Rh8 21. Qd2 Qxh2# {White checkmated} 0-1

[Event "Team 45 45 League T63"]
[Site "Internet Chess Club"]
[Date "2014.12.29"]
[Round "5"]
[White "smsxman"]
[Black "JOFRAN"]
[Result "0-1"]
[WhiteElo "1441"]
[BlackElo "1455"]
[Opening "Caro-Kann defense"]
[ECO "B10"]
[Time "13:00:31"]
[TimeControl "2700+45"]

1. e4 c6 2. Nf3 d5 3. exd5 cxd5 4. d4 Nc6 5. Nc3 Nf6 6. Bb5 Bd7 7. Bg5 e6 8.
Bxc6 Bxc6 9. O-O Bd6 10. Ne5 O-O 11. Nxc6 bxc6 12. f4 Rb8 13. b3 Qe7 14. Na4
Rfe8 15. Re1 h6 16. Bh4 Bxf4 17. g3 Bd6 18. Bxf6 Qxf6 19. Rf1 Qg6 20. Qe2 e5 21.
dxe5 Bxe5 22. Qf2 Bxa1 23. Rxa1 Re7 24. Rf1 Rbe8 25. Nc3 Re3 26. Qd2 Qg5 27. Qf2
f6 28. Na4 Re2 29. Qxa7 Rxc2 30. Qd7 Ree2 31. Qh3 Qg4 {White resigns} 0-1

[Event "Team 45 45 League T63"]
[Site "Internet Chess Club"]
[Date "2014.12.29"]
[Round "5"]
[White "olivermx"]
[Black "Leon13"]
[Result "1-0"]
[WhiteElo "1370"]
[BlackElo "1368"]
[Opening "Philidor's defense"]
[ECO "C41"]
[Time "12:38:56"]
[TimeControl "2700+45"]

1. e4 e5 2. Nf3 d6 3. Bc4 Be7 4. O-O Nc6 5. Re1 Nf6 6. Bb3 O-O 7. c3 b6 8. d4
exd4 9. cxd4 Bg4 10. Nc3 Bxf3 11. Qxf3 Nxd4 12. Qg3 Kh8 13. Be3 Nxb3 14. axb3
Nd7 15. Nd5 Bh4 16. Qf4 Ne5 17. Rad1 f5 18. exf5 Nf7 19. f6 Bg5 20. fxg7+ Kxg7
21. Qd4+ Kg8 22. Bxg5 Nxg5 23. Ne7+ Kf7 24. Qd5+ Kf6 25. Qf5+ Kg7 26. Qxg5+ Kh8
27. Qd5 Qe8 {Black resigns} 1-0

[Event "Team 45 45 League T63"]
[Site "Internet Chess Club"]
[Date "2014.12.27"]
[Round "5"]
[White "Invicta-Knight"]
[Black "tryanything"]
[Result "0-1"]
[WhiteElo "1504"]
[BlackElo "1555"]
[Opening "Center game: Paulsen attack"]
[ECO "C22"]
[Time "04:21:35"]
[TimeControl "2700+45"]

1. e4 e5 2. d4 exd4 3. Qxd4 Nc6 4. Qe3 d6 5. Bd2 Nf6 6. Be2 Be7 7. Nc3 O-O 8.
O-O-O a5 9. Qg3 Ne5 10. h3 Be6 11. f4 Nc4 12. Bxc4 Bxc4 13. Nf3 Re8 14. f5 Bf8
15. Bg5 Be7 16. Rhe1 Nh5 17. Qg4 Bxg5+ 18. Nxg5 g6 19. fxg6 hxg6 20. e5 Be6 21.
Nxe6 Rxe6 22. exd6 Rxe1 23. Rxe1 Qxd6 24. Qe4 Rd8 25. Qe7 Qd7 26. Qg5 Qd6 27.
Re5 c6 28. Qe3 b5 29. Re8+ Rxe8 30. Qxe8+ Kg7 31. Ne2 Nf6 32. Qe3 c5 33. g4 b4
34. b3 Nd7 35. Ng3 Qe5 36. Qxe5+ Nxe5 37. Kb2 f6 38. Ne4 Nd7 39. Nd6 Kh6 40. Ne4
Kg7 41. Kc1 f5 42. gxf5 gxf5 43. Ng3 Kf6 44. Kd2 Ne5 45. Ke3 Ng6 46. Ne2 Ke5 47.
Kf3 f4 48. Kg4 Ke4 49. Kg5 Ke3 50. Ng1 Kf2 51. Kxg6 Kxg1 52. h4 f3 53. h5 f2 54.
h6 f1=Q 55. h7 Qh3 56. Kg7 Kf1 57. h8=Q Qxh8+ 58. Kxh8 Ke2 {White resigns} 0-1

[Event "Team 45 45 League T63"]
[Site "Internet Chess Club"]
[Date "2014.12.26"]
[Round "5"]
[White "GideonL"]
[Black "BrerRabbit"]
[Result "1-0"]
[WhiteElo "1662"]
[BlackElo "1489"]
[Opening "Réti: Wade defense"]
[ECO "B07"]
[Time "19:00:30"]
[TimeControl "2700+45"]

1. e4 d6 2. Nf3 Bg4 3. d4 Nf6 4. Nc3 e6 5. Bg5 Be7 6. Bd3 O-O 7. O-O h6 8. Bxf6
Bxf6 9. Be2 c5 10. d5 Nd7 11. Qd3 Ne5 12. Nxe5 Bxe2 13. Nxe2 Bxe5 14. f4 Bf6 15.
c3 a6 16. Rf3 b5 17. g4 e5 18. Kh1 Qa5 19. g5 hxg5 20. fxg5 Bxg5 21. Rg1 Bh6 22.
Rh3 Kh7 23. Qg3 Rg8 24. Qf3 Raf8 25. Qf5+ Kh8 26. Rxg7 Rxg7 27. Rxh6+ Kg8 28.
Qh5 Rg6 29. Rh8+ Kg7 30. Qh7+ Kf6 31. Rxf8 Qc7 32. Qh4+ Kg7 33. Qh8# {Black
checkmated} 1-0

[Event "Team 45 45 League T63"]
[Site "Internet Chess Club"]
[Date "2014.12.26"]
[Round "5"]
[White "PsyMar"]
[Black "sdcohle"]
[Result "0-1"]
[WhiteElo "1245"]
[BlackElo "1364"]
[Opening "French: Rubinstein variation"]
[ECO "C10"]
[Time "11:55:06"]
[TimeControl "2700+45"]

1. e4 e6 2. d4 d5 3. Nc3 dxe4 4. Nxe4 Nc6 5. Nf3 Be7 6. Be3 Nf6 7. Bd3 O-O 8.
Qd2 Nd5 9. O-O-O Nxe3 10. fxe3 Nb4 11. Bc4 a5 12. a3 Nd5 13. Qd3 c6 14. h4 b5
15. Ba2 b4 16. a4 Ba6 17. Qd2 Rb8 18. Bxd5 cxd5 19. Nc5 Bxc5 20. dxc5 b3 21. Nd4
bxc2 22. Qxc2 Qc7 23. Rh3 Rb4 24. b3 Rc8 25. c6 e5 26. Nb5 Qxc6 27. Qxc6 Rxc6+
28. Kb2 Bxb5 29. Rxd5 Rxb3+ 30. Ka2 Rd3 31. Rxb5 Rd2+ 32. Kb3 g6 33. g4 Rd3+ 34.
Kb2 Rd2+ 35. Kb3 e4 36. Rh1 Rd3+ 37. Kb2 Rxe3 38. Rxa5 Rcc3 39. Ra8+ Kg7 40. g5
Rc7 41. a5 Re2+ 42. Kb1 e3 43. a6 Rd2 44. a7 e2 45. Rg8+ Kxg8 46. a8=Q+ Kg7 47.
Qa1+ Kg8 48. Qa8+ Kg7 49. Qf3 Rcd7 50. Qc3+ Kg8 51. Qc8+ Rd8 52. Qxd8+ Rxd8 53.
Kc2 Re8 54. Re1 Kg7 55. Kd2 f6 56. gxf6+ Kxf6 57. Rxe2 Rxe2+ 58. Kxe2 Kf5 59.
Kf3 h5 60. Kg3 Ke4 61. Kg2 Kf4 62. Kh3 Kf3 63. Kh2 Kg4 64. Kg2 Kxh4 65. Kh2 Kg4
66. Kg2 h4 67. Kh2 g5 68. Kg2 h3+ 69. Kh2 Kh4 70. Kg1 g4 71. Kh2 g3+ 72. Kh1 Kg4
73. Kg1 Kf3 74. Kh1 Kg4 75. Kg1 Kf3 76. Kh1 g2+ 77. Kg1 h2+ 78. Kxh2 Kf2 {White
resigns} 0-1